 Dungeon Crawl Stone Soup version 0.24.0-123-gd5b16e6ec5 (webtiles) character file.

Game seed: 9422787117437845128, levelgen mode: deterministic

7661 Johnny the Geomancer (level 10, -1/69 HPs)
             Began as a Demigod Earth Elementalist on Feb 2, 2020.
             Slain by a cyan ugly thing (16 damage)
             ... on level 11 of the Dungeon.
             The game lasted 00:11:52 (10580 turns).

Johnny the Geomancer (Demigod Earth Elementalist)  Turns: 10580, Time: 00:11:53

Health: -1/69      AC:  5    Str: 11    XL:     10   Next: 67%
Magic:  28/36      EV: 12    Int: 31    God:
Gold:   202        SH:  7    Dex: 19    Spells: 13/26 levels left

rFire    . . .     SeeInvis .   l - +5 dagger (venom)
rCold    . . .     Gourm    .   q - +0 buckler
rNeg     . . .     Faith    .   v - +3 robe of Ofiget {Int+6 Dex+3}
rPois    .         Spirit   .   (no helmet)
rElec    .         Reflect  .   G - scarf {repulsion}
rCorr    .         Harm     .   (no gloves)
MR       ++...                  (no boots)
Stlth    ++........             (no amulet)
HPRegen  0.21/turn              e - ring of protection from magic
MPRegen  0.25/turn              F - ring of magical power

@: repel missiles
A: high mp 1
a: no special abilities


You were on level 11 of the Dungeon.
You were hungry.

You visited 2 branches of the dungeon, and saw 12 of its levels.

You collected 442 gold pieces.
You spent 240 gold pieces at shops.

Inventory:

Hand Weapons
 l - a +5 dagger of venom (weapon)
Missiles
 b - 233 stones (quivered)
Armour
 q - a +0 buckler (worn)
 v - the +3 robe of Ofiget (worn) {Int+6 Dex+3}
   (You found it on level 5 of the Dungeon)

   It affects your intelligence (+6).
   It affects your dexterity (+3).
 G - a scarf of repulsion (worn)
 K - the +0 ring mail "Peraept" {rElec MR+++ rCorr Str-2}
   (You found it on level 8 of the Dungeon)

   It affects your strength (-2).
   It insulates you from electricity.
   It affects your resistance to hostile enchantments.
   It provides partial protection from all sources of acid and corrosion.
Jewellery
 e - a ring of protection from magic (left hand)
 t - an uncursed ring of ice
 B - an uncursed ring of resist corrosion
 F - a ring of magical power (right hand)
 J - an uncursed ring of flight
 L - an uncursed amulet of the gourmand {unknown}
Wands
 c - a wand of random effects (12)
 k - a wand of polymorph (9)
 m - a wand of disintegration (25)
 s - a wand of digging (12)
 w - a wand of iceblast (13)
 H - a wand of acid (12)
 I - a wand of flame (26)
Scrolls
 a - 8 scrolls of remove curse
 f - 6 scrolls of teleportation
 i - 2 scrolls of noise
 n - a scroll of enchant armour
 p - 3 scrolls of magic mapping
 x - a scroll of blinking
 y - a scroll of amnesia {unknown}
 A - 2 scrolls of fear {unknown}
 M - 3 scrolls of immolation {unknown}
Potions
 g - 3 potions of curing
 h - 2 potions of mutation {unknown}
 j - 3 potions of heal wounds
 o - 2 potions of lignification
 r - a potion of agility {unknown}
 u - 2 potions of cancellation {unknown}
 z - a potion of degeneration {unknown}
 C - a potion of invisibility
 D - a potion of flight {unknown}
 E - a potion of might {unknown}
Comestibles
 d - 16 rations


   Skills:
 - Level 1.7 Dodging
 - Level 1.7 Stealth
 + Level 8.3 Shields
 + Level 8.7 Spellcasting
 - Level 0.8 Transmutations
 + Level 9.7 Earth Magic


You had 13 spell levels left.
You knew the following spells:

 Your Spells              Type           Power        Failure   Level  Hunger
a - Sandblast             Erth           ######       1%          1    None
b - Stone Arrow           Conj/Erth      #####.       1%          3    None
c - Lee's Rapid Deconstr  Erth           ######....   1%          5    ####...
d - Petrify               Tmut/Erth      #####...     4%          4    None

Your spell library contained the following spells:

 Spells                   Type           Power        Failure   Level  Hunger
 Passwall                 Tmut/Erth      #####...     1%          2    None
 Animate Skeleton         Necr           N/A          3%          1    None
 Confusing Touch          Hex            ##....       3%          1    None
 Corona                   Hex            ##.....      3%          1    None
 Pain                     Necr           ##..         3%          1    None
 Shock                    Conj/Air       ##..         3%          1    None
 Ensorcelled Hibernation  Hex/Ice        ##....       5%          2    None
 Swiftness                Chrm/Air       ##......     5%          2    None
 Confuse                  Hex            ##......     11%         3    None
 Dazzling Spray           Conj/Hex       ##....       11%         3    None
 Gell's Gravitas          Tloc           ##........   11%         3    None
 Regeneration             Chrm/Necr      ##........   11%         3    None
 Static Discharge         Conj/Air       ##......     11%         3    None
 Tukima's Dance           Hex            ##......     11%         3    None
 Vampiric Draining        Necr           ##........   11%         3    None
 Airstrike                Air            ##........   36%         4    None
 Animate Dead             Necr           N/A          36%         4    None
 Yara's Violent Unravell  Hex/Tmut       ###.......   65%         5    ####...
 Lightning Bolt           Conj/Air       ##........   71%         5    ####...
 Metabolic Englaciation   Hex/Ice        ##........   71%         5    ####...


Dungeon Overview and Level Annotations

Branches:
Dungeon (11/15)            Temple (1/1) D:5            Lair (0/6) D:9
    Orc (0/2) D:10

Shops:
D:5 *   D:6 [!*=[   D:7 [}:*=

Annotations:
D:6 1 runed translucent door
D:7 1 transporter, tamionv's ghost, novice FoHu


Innate Abilities, Weirdness & Mutations

You have an increased reservoir of magic. (+10% MP)


Message History

The cyan ugly thing is poisoned.
The cyan ugly thing engulfs you! The cyan ugly thing shocks you!
A cyan ugly thing is nearby!
A cyan ugly thing is nearby!
A cyan ugly thing is nearby!
Unknown command.
A hungry ghost comes into view.
You see here a +0 leather armour.
Things that are here:
a +0 dagger; a +0 robe; an orc corpse
Casting: Sandblast (safe; 1% risk of failure)
Confirm with . or Enter, or press ? or * to list all spells.
Aiming: Petrify (safe; 4% risk of failure)
Press: ? - help, Shift-Dir - straight line, f - cyan ugly thing
Aim: a cyan ugly thing (lightly wounded, poisoned, chance to defeat MR: 53%)
The cyan ugly thing is moving more slowly.
The cyan ugly thing engulfs you!
* * * LOW HITPOINT WARNING * * *
The cyan ugly thing shocks you!
You die...

##.##......###
...#####.....# ####
##..#.# # ###..#.##
#######.......#
...........#..#
#######.##.#..# # #
........)..####.####
#
####.##.#[.Wu@.....#
# # #.#..####.#...#
# .....# .# . #
##.#... # # ...#.###
# ####... # .^.. #
.... #


You could see a cyan ugly thing (petrifying) and a hungry ghost.

Vanquished Creatures
  2 two-headed ogres
  Pikel (D:9)
  A manticore (D:10)
  A hippogriff (D:8)
  A wyvern (D:8)
  A hog (shapeshifter) (D:10)
  A hungry ghost (D:8)
  2 porcupines (D:9)
  A water moccasin (D:6)
  3 black bears
  4 orc warriors
  2 ice beasts (D:10)
  5 sky beasts
  4 slaves (D:9)
  3 centaurs
  2 ogres (D:10)
  3 phantoms
  2 crocodiles (D:9)
  A big kobold (D:7)
  4 bullfrogs
  A wyvern skeleton (D:9)
  5 scorpions
  3 wights (D:6)
  3 howler monkeys (D:7)
  3 electric eels (D:6)
  2 crimson imps
  A quasit (D:9)
  3 hounds
  2 jellies
  8 orc priests
  3 bullfrog skeletons
  A gnoll shaman (D:6)
  A human skeleton (D:6)
  3 iguanas
  8 orc wizards
  10 worker ants
  A killer bee zombie (D:7)
  A hound zombie (D:9)
  2 worker ant zombies
  6 gnolls
  10 adders
  A shadow imp (D:6)
  An ooze (D:4)
  6 worms
  3 dart slugs
  6 leopard geckos
  32 orcs
  5 giant cockroaches
  11 hobgoblins
  13 jackals
  3 quokkas
  2 ball pythons
  6 bats
  6 frilled lizards
  A giant cockroach zombie (D:5)
  12 goblins
  A goblin zombie (D:6)
  10 kobolds
  A quokka zombie (D:8)
  5 rats
246 creatures vanquished.

Vanquished Creatures (others)
  10 fungi
  2 plants (D:9)
12 creatures vanquished.

Grand Total: 258 creatures vanquished

Notes
Turn   | Place    | Note
-------+----------+-------------------------------------------
     0 | D:1      | Johnny the Demigod Earth Elementalist began the quest for
                  | the Orb.
     0 | D:1      | Reached XP level 1. HP: 14/14 MP: 5/5
   359 | D:1      | Reached skill level 3 in Earth Magic
   810 | D:1      | Reached XP level 2. HP: 20/20 MP: 2/7
  1342 | D:2      | Reached XP level 3. HP: 20/26 MP: 6/9
  1569 | D:2      | Found a radiant altar of Vehumet.
  1815 | D:2      | Reached XP level 4. HP: 20/33 MP: 9/11
  1846 | D:3      | Found a snail-covered altar of Cheibriados.
  1864 | D:3      | Reached skill level 4 in Earth Magic
  2302 | D:3      | Reached XP level 5. HP: 26/38 MP: 7/13
  2846 | D:4      | Noticed a hippogriff
  3228 | D:4      | Reached XP level 6. HP: 30/45 MP: 15/15
  3584 | D:4      | Reached skill level 5 in Earth Magic
  3587 | D:4      | Reached skill level 1 in Shields
  3903 | D:5      | Entered Level 5 of the Dungeon
  3945 | D:5      | Found a staircase to the Ecumenical Temple.
  4089 | D:5      | Got a faintly glowing robe
  4103 | D:5      | Identified the +3 robe of Ofiget {Int+6 Dex+3} (You found
                  | it on level 5 of the Dungeon)
  4211 | D:5      | Reached XP level 7. HP: 13/50 MP: 12/17
  4535 | D:5      | Found a stormy altar of Qazlal.
  4535 | D:5      | Found a white marble altar of Elyvilon.
  4866 | D:5      | Found Jiekhle's Assorted Antiques.
  5159 | Temple   | Entered the Ecumenical Temple
  5443 | D:6      | Reached skill level 5 in Spellcasting
  5474 | D:6      | Found Affoud's Distillery.
  5493 | D:6      | Bought a potion of lignification for 30 gold pieces
  5493 | D:6      | Bought 2 potions of heal wounds for 100 gold pieces
  5493 | D:6      | Bought a potion of curing for 30 gold pieces
  5493 | D:6      | Bought a potion of invisibility for 80 gold pieces
  5496 | D:6      | Found Fuefue's Armour Boutique.
  5576 | D:6      | Found Leschicve's General Store.
  5642 | D:6      | Found Lynlodd's Jewellery Shoppe.
  5649 | D:6      | Reached skill level 6 in Earth Magic
  5937 | D:6      | Found a runed translucent door.
  5937 | D:6      | Noticed a human
  5953 | D:6      | Learned a level 3 spell: Stone Arrow
  5959 | D:6      | Learned a level 5 spell: Lee's Rapid Deconstruction
  5964 | D:6      | Learned a level 4 spell: Petrify
  5970 | D:6      | Found a basalt altar of Yredelemnul.
  6056 | D:6      | Reached XP level 8. HP: 36/57 MP: 11/19
  6386 | D:6      | Found Utoroas's Antique Armour Boutique.
  6655 | D:7      | Found Caosayf's Jewellery Emporium.
  6711 | D:7      | Found Myskourcho's Assorted Antiques.
  6802 | D:7      | Found a blossoming altar of Fedhas.
  6829 | D:7      | Reached skill level 7 in Earth Magic
  6834 | D:7      | Reached skill level 5 in Shields
  7108 | D:7      | Found Ejoph's Armour Shop.
  7132 | D:7      | Found Ihuida's Book Shoppe.
  7591 | D:7      | Found Mygi's Gadget Boutique.
  7665 | D:7      | Found a transporter.
  7665 | D:7      | Noticed tamionv's ghost (novice FoHu)
  7668 | D:7      | Identified the cursed +3 dire flail "Maluofai" {antimagic,
                  | Int+5}
  7668 | D:7      | Noticed a two-headed ogre
  7866 | D:8      | Reached XP level 9. HP: 60/62 MP: 22/22
  7927 | D:8      | Noticed a two-headed ogre
  7942 | D:8      | Killed a two-headed ogre
  7942 | D:8      | Reached skill level 8 in Earth Magic
  8279 | D:8      | Got a dazzling ring mail
  8480 | D:8      | HP: 1/62 [wyvern (16)]
  8669 | D:9      | Noticed Pikel
  8687 | D:9      | Killed Pikel
  8794 | D:9      | Reached XP level 10. HP: 66/69 MP: 25/25
  8864 | D:9      | Identified the +0 ring mail "Peraept" {rElec MR+++ rCorr
                  | Str-2} (You found it on level 8 of the Dungeon)
  9035 | D:9      | Reached skill level 9 in Earth Magic
  9121 | D:9      | Found a staircase to the Lair.
  9675 | D:10     | Entered Level 10 of the Dungeon
  9993 | D:10     | Noticed a two-headed ogre
  9999 | D:10     | Killed a two-headed ogre
 10037 | D:10     | Found a staircase to the Orcish Mines.
 10037 | D:10     | Noticed a manticore
 10044 | D:10     | Killed a manticore
 10570 | D:11     | Noticed a cyan ugly thing
 10580 | D:11     | Slain by a cyan ugly thing

Levels and vault maps discovered:
D:1:      dpeg_arrival_tiny_j, layout_basic
D:2:      layout_loops_ring, marbit_many_paths
D:3:      cheibrodos_helix_gallery, layout_loops_ring, overflow_temple_1_default
D:4:      layout_basic, first_ration, kennysheep_diamond
D:5:      layout_layer_cave, gammafunk_temple_overflow_statue,
          minmay_temple_entry_steel_oval, serial_shops, kennysheep_mini
D:6:      wad_lake_hut, layout_rooms, serial_shops, nicolae_shop_crystal, shop,
          shop, kennysheep_little_box, nicolae_shop_stone,
          hangedman_glass_teeth, chequers_serial_rivers_large_b,
          dk_yredelemnul_ordeal
D:7:      layout_loops_ring, gammafunk_ghost_smash, serial_shops, shop,
          nicolae_shop_temple_entry_statues_fountains, shop, nicolae_shop_trees,
          shop_statue, fedhas_altar_3
D:8:      layout_basic
D:9:      layout_basic, due_lair_maze_entry_diamond, uniq_pikel
D:10:     layout_basic, orc_0_dummy
D:11:     layout_loops_ring
Temple:   hc_temple_tempest_star

Skill      XL: |  1  2  3  4  5  6  7  8  9 10 |
---------------+-------------------------------+-----
Spellcasting   | 2 3 4 5 6 7 8 |  8.7
Earth Magic    | 3 4 5 6 7 8 9 |  9.7
Shields        | 2 3 5 7 8 |  8.3
Dodging        | |  1.7
Stealth        | |  1.7
Transmutations | |  0.8

Action                   |  1- 3 |  4- 6 |  7- 9 | 10-12 || total
-------------------------+-------+-------+-------+-------++-------
Melee: Unarmed           |    45 |     1 |       |       ||    46
       Dagger            |       |   117 |   162 |    83 ||   362
Throw: Stone             |       |       |     1 |       ||     1
 Cast: Sandblast         |    50 |    61 |    74 |    30 ||   215
       Lee's Rapid Decon |       |       |    19 |    11 ||    30
       Stone Arrow       |       |       |     6 |    19 ||    25
       Petrify           |       |       |       |     3 ||     3
  Use: Scroll            |       |       |     8 |     2 ||    10
       Potion            |       |       |     3 |       ||     3
 Stab: Sleeping          |     3 |     5 |     3 |       ||    11
       Distracted        |     1 |       |       |       ||     1
  Eat: Chunk             |     2 |     7 |    17 |     6 ||    32
       Ration            |       |       |     1 |       ||     1
Armor: Robe              |    10 |    21 |    35 |    20 ||    86
       Skin              |       |       |    12 |       ||    12
Dodge: Dodged            |    39 |    89 |    88 |    57 ||   273
       Deflected         |       |       |       |     1 ||     1
Block: Buckler           |       |    16 |    56 |    29 ||   101
